TOP OF THE 1ST |
New Jersey Fenix batting - Pitching for New Orleans Voodoo : RHP Eddie Kop
|
Pitching: RHP Eddie Kop
|
|
Batting: LHB Alexis Raimbault
|
0-0: Ball 1-0: Called Strike 1-1: Fly out, F7 (Flyball, 78M)
|
Batting: LHB Pedro Gutiérrez
|
0-0: Ball 1-0: Called Strike 1-1: Ball 2-1: Ball 3-1: Base on Balls
|
Batting: SHB Shiki Sanu
|
0-0: Ball 1-0: Foul Ball, location: 2F 1-1: Ball 2-1: Ball 3-1: Base on Balls Pedro Gutiérrez to second
|
Batting: LHB Javier Sánchez
|
0-0: Swinging Strike 0-1: Foul Ball, location: 2F 0-2: Foul Ball, location: 2F 0-2: Ball 1-2: Foul Ball, location: 2F 1-2: Ball 2-2: Strikes out swinging
|
Batting: RHB Norman Winston
|
0-0: Ball 1-0: Ball 2-0: Called Strike 2-1: Fielders Choice at 2nd, 5-4 (Groundball, 5L)
|
Top of the 1st over - 0 runs, 0 hits, 0 errors, 2 left on base; New Jersey 0 - New Orleans 0 |
BOTTOM OF THE 1ST |
New Orleans Voodoo batting - Pitching for New Jersey Fenix : RHP Brantford Winstworth III
|
Pitching: RHP Brantford Winstworth III
|
|
Batting: RHB Guy Toussaint
|
0-0: Called Strike 0-1: SINGLE (Line Drive, 7LS)
|
Batting: RHB Gilberto Juárez
|
0-0: Foul Ball, location: 2F 0-1: Ball 1-1: Called Strike 1-2: Foul Ball, location: 2F 1-2: Foul Ball, location: 2F 1-2: Ball 2-2: Foul Ball, location: 2F 2-2: Ball 3-2: SINGLE (Flyball, 7LM) Guy Toussaint to second
|
Batting: RHB Guillermo Coss
|
0-0: Called Strike 0-1: Foul Ball, location: 2F 0-2: Ball 1-2: Foul Ball, location: 2F 1-2: Ball 2-2: Fly out, F9 (Flyball, 89M) Runner from 2nd tags up, SAFE at 3rd with throw
|
Batting: RHB Griffin Woodfinlevine
|
0-0: Called Strike 0-1: Ball 1-1: Called Strike 1-2: SINGLE (Line Drive, 6MD) Guy Toussaint scores Gilberto Juárez to second Runner from 2nd tries for 3rd, SAFE, no throw
|
Batting: SHB Melito Báez
|
0-0: Ball 1-0: Foul Ball, location: 2F 1-1: Foul Ball, location: 2F 1-2: Ball 2-2: Strikes out looking
|
Batting: RHB Claudio Tappen
|
0-0: Called Strike 0-1: Ball 1-1: Ball 2-1: Ball 3-1: Fielders Choice at 2nd, 6-4 (Groundball, 6)
|
Bottom of the 1st over - 1 run, 3 hits, 0 errors, 2 left on base; New Jersey 0 - New Orleans 1 |
TOP OF THE 2ND |
New Jersey Fenix batting - Pitching for New Orleans Voodoo : RHP Eddie Kop
|
Batting: LHB Josh Platt
|
0-0: Called Strike 0-1: Swinging Strike 0-2: Ground out 4-3 (Groundball, 4)
|
Batting: RHB José Carlos Pérez
|
0-0: Ball 1-0: Foul Ball, location: 2F 1-1: Ball 2-1: SINGLE (Groundball, 5D)
|
Batting: LHB Michael Cochran
|
0-0: Fly out, F3 (Line Drive, 3L)
|
Batting: LHB Roberto Valle
|
Pickoff Throw to First - Out!
|
Top of the 2nd over - 0 runs, 1 hit, 0 errors, 0 left on base; New Jersey 0 - New Orleans 1 |
BOTTOM OF THE 2ND |
New Orleans Voodoo batting - Pitching for New Jersey Fenix : RHP Brantford Winstworth III
|
Batting: RHB Colm Goodwill
|
0-0: Ball 1-0: Foul Ball, location: 2F 1-1: Fly out, F9 (Flyball, 9LS)
|
Batting: LHB José Ruíz
|
0-0: Ball 1-0: Foul Ball, location: 2F 1-1: Ball 2-1: SINGLE (Groundball, 34D)
|
Batting: RHB Orlando Velásquez
|
0-0: Called Strike 0-1: Called Strike 0-2: Ball 1-2: Strikes out swinging
|
Batting: RHB Guy Toussaint
|
0-0: Ball 1-0: Called Strike 1-1: Fielders Choice at 2nd, 5-4 (Groundball, 56)
|
Bottom of the 2nd over - 0 runs, 1 hit, 0 errors, 1 left on base; New Jersey 0 - New Orleans 1 |
TOP OF THE 3RD |
New Jersey Fenix batting - Pitching for New Orleans Voodoo : RHP Eddie Kop
|
Batting: LHB Roberto Valle
|
0-0: Ball 1-0: Ball 2-0: Foul Ball, location: 2F 2-1: SINGLE (Groundball, 4MS) (infield hit)
|
Batting: LHB Alexis Raimbault
|
0-0: Called Strike 0-1: Foul Ball, location: 2F 0-2: Ball 1-2: SINGLE (Groundball, 34S) (infield hit) Roberto Valle to second
|
Batting: LHB Pedro Gutiérrez
|
0-0: Foul Ball, location: 2F 0-1: Fielders Choice at 2nd, 6-4 (Groundball, 6) Roberto Valle to third
|
Batting: SHB Shiki Sanu
|
0-0: Ball 1-0: Called Strike 1-1: Ball 2-1: Swinging Strike 2-2: SINGLE (Groundball, 56D) Roberto Valle scores Pedro Gutiérrez to second
|
Batting: LHB Javier Sánchez
|
0-0: Called Strike 0-1: Ball 1-1: Swinging Strike 1-2: Foul Ball, location: 2F 1-2: Strikes out swinging
|
Batting: RHB Norman Winston
|
0-0: Called Strike 0-1: Ball 1-1: Ball 2-1: Swinging Strike 2-2: Strikes out swinging
|
Top of the 3rd over - 1 run, 3 hits, 0 errors, 2 left on base; New Jersey 1 - New Orleans 1 |
BOTTOM OF THE 3RD |
New Orleans Voodoo batting - Pitching for New Jersey Fenix : RHP Brantford Winstworth III
|
Batting: RHB Gilberto Juárez
|
0-0: Ball 1-0: Ball 2-0: Ball 3-0: Base on Balls
|
Batting: RHB Guillermo Coss
|
0-0: SINGLE (Groundball, 4MD) Gilberto Juárez to second Runner from 2nd tries for 3rd, SAFE, no throw
|
Batting: RHB Griffin Woodfinlevine
|
0-0: Grounds into double play, 6-4-3 (Groundball, 6) Gilberto Juárez scores
|
Batting: SHB Melito Báez
|
0-0: Ground out 6-3 (Groundball, 6)
|
Bottom of the 3rd over - 1 run, 1 hit, 0 errors, 0 left on base; New Jersey 1 - New Orleans 2 |
TOP OF THE 4TH |
New Jersey Fenix batting - Pitching for New Orleans Voodoo : RHP Eddie Kop
|
Batting: LHB Josh Platt
|
0-0: Swinging Strike 0-1: Ball 1-1: Ground out 6-3 (Groundball, 6M)
|
Batting: RHB José Carlos Pérez
|
0-0: Ball 1-0: Swinging Strike 1-1: Ground out 6-3 (Groundball, 6)
|
Batting: LHB Michael Cochran
|
0-0: Foul Ball, location: 2F 0-1: SINGLE (Line Drive, 34)
|
Batting: LHB Roberto Valle
|
0-0: Ball 1-0: Ball 2-0: Ball 3-0: Called Strike 3-1: Ground out 4-3 (Groundball, 4)
|
Top of the 4th over - 0 runs, 1 hit, 0 errors, 1 left on base; New Jersey 1 - New Orleans 2 |
BOTTOM OF THE 4TH |
New Orleans Voodoo batting - Pitching for New Jersey Fenix : RHP Brantford Winstworth III
|
Batting: RHB Claudio Tappen
|
0-0: Foul Ball, location: 2F 0-1: Swinging Strike 0-2: Foul Ball, location: 2F 0-2: Strikes out swinging
|
Batting: RHB Colm Goodwill
|
0-0: Foul Ball, location: 2F 0-1: Ball 1-1: Ball 2-1: Foul Ball, location: 2F 2-2: Hit by Pitch
|
Batting: LHB José Ruíz
|
0-0: Called Strike 0-1: SINGLE (Groundball, 56D) Colm Goodwill to second Runner from 2nd tries for 3rd, SAFE, no throw
|
Batting: RHB Orlando Velásquez
|
0-0: Foul Ball, location: 2F 0-1: Foul Ball, location: 2F 0-2: Fielders Choice at 2nd, 6-4 (Groundball, 6) Colm Goodwill scores
|
Batting: RHB Guy Toussaint
|
0-0: Ball 1-0: Swinging Strike 1-1: Hit by Pitch Orlando Velásquez to second
|
Batting: RHB Gilberto Juárez
|
0-0: Foul Ball, location: 2F 0-1: Swinging Strike 0-2: Foul Ball, location: 2F 0-2: Strikes out swinging
|
Bottom of the 4th over - 1 run, 1 hit, 0 errors, 2 left on base; New Jersey 1 - New Orleans 3 |
TOP OF THE 5TH |
New Jersey Fenix batting - Pitching for New Orleans Voodoo : RHP Eddie Kop
|
Batting: LHB Alexis Raimbault
|
0-0: Foul Ball, location: 2F 0-1: Ball 1-1: Ball 2-1: Foul Ball, location: 2F 2-2: SINGLE (Line Drive, 9S)
|
Batting: LHB Pedro Gutiérrez
|
0-0: Called Strike Alexis Raimbault is caught stealing 2nd base 0-1: Foul Ball, location: 2F 0-2: Ball 1-2: Ball 2-2: Strikes out swinging
|
Batting: SHB Shiki Sanu
|
0-0: Ball 1-0: Foul Ball, location: 2F 1-1: Fly out, F7 (Flyball, 78XD)
|
Top of the 5th over - 0 runs, 1 hit, 0 errors, 0 left on base; New Jersey 1 - New Orleans 3 |
BOTTOM OF THE 5TH |
New Orleans Voodoo batting - Pitching for New Jersey Fenix : RHP Brantford Winstworth III
|
Batting: RHB Guillermo Coss
|
0-0: Called Strike 0-1: Foul Ball, location: 2F 0-2: Ball 1-2: Ball 2-2: SINGLE (Groundball, 56D)
|
Batting: RHB Griffin Woodfinlevine
|
0-0: Called Strike 0-1: Ball 1-1: Ball 2-1: Ground out 4-3 (Groundball, 4S) Guillermo Coss to second
|
Batting: SHB Melito Báez
|
0-0: Called Strike 0-1: Called Strike 0-2: Ground out 4-3 (Groundball, 4S) Guillermo Coss to third
|
Batting: RHB Claudio Tappen
|
0-0: Called Strike 0-1: Called Strike 0-2: Ball 1-2: Ground out 4-3 (Groundball, 4)
|
Bottom of the 5th over - 0 runs, 1 hit, 0 errors, 1 left on base; New Jersey 1 - New Orleans 3 |
TOP OF THE 6TH |
New Jersey Fenix batting - Pitching for New Orleans Voodoo : RHP Eddie Kop
|
Batting: LHB Javier Sánchez
|
0-0: Ball 1-0: Foul Ball, location: 2F 1-1: Swinging Strike 1-2: Foul Ball, location: 2F 1-2: Foul Ball, location: 2F 1-2: Foul Ball, location: 2F 1-2: Strikes out swinging
|
Batting: RHB Norman Winston
|
0-0: Ball 1-0: Foul Ball, location: 2F 1-1: Foul Ball, location: 2F 1-2: Foul Ball, location: 2F 1-2: Foul Ball, location: 2F 1-2: Ball 2-2: Fly out, F3 (Line Drive, 3)
|
Batting: LHB Josh Platt
|
0-0: Ball 1-0: Ball 2-0: Ball 3-0: Called Strike 3-1: Called Strike 3-2: Foul Ball, location: 2F 3-2: DOUBLE (Groundball, 3L)
|
Pitching: RHP Bob Roth
|
|
Batting: RHB José Carlos Pérez
|
0-0: Ball 1-0: Ball 2-0: Swinging Strike 2-1: Foul Ball, location: 2F 2-2: Ground out 4-3 (Groundball, 34)
|
Top of the 6th over - 0 runs, 1 hit, 0 errors, 1 left on base; New Jersey 1 - New Orleans 3 |
BOTTOM OF THE 6TH |
New Orleans Voodoo batting - Pitching for New Jersey Fenix : RHP Brantford Winstworth III
|
Batting: RHB Colm Goodwill
|
0-0: Ground out 1-3 (Groundball, 13S)
|
Batting: LHB José Ruíz
|
0-0: Called Strike 0-1: Ball 1-1: Ball 2-1: Swinging Strike 2-2: Strikes out swinging
|
Batting: RHB Orlando Velásquez
|
0-0: Ball 1-0: Bunt missed! 1-1: Ball 2-1: Ground out 6-3 (Groundball, 6)
|
Bottom of the 6th over - 0 runs, 0 hits, 0 errors, 0 left on base; New Jersey 1 - New Orleans 3 |
TOP OF THE 7TH |
New Jersey Fenix batting - Pitching for New Orleans Voodoo : RHP Bob Roth
|
Batting: LHB Michael Cochran
|
0-0: Ball 1-0: Ball 2-0: Called Strike 2-1: Ball 3-1: Ground out 6-3 (Groundball, 6)
|
Batting: LHB Roberto Valle
|
0-0: Ball 1-0: Ground out 6-3 (Groundball, 6)
|
Batting: LHB Alexis Raimbault
|
0-0: Ball 1-0: Ball 2-0: Ball 3-0: Called Strike 3-1: Base on Balls
|
Batting: LHB Pedro Gutiérrez
|
0-0: Called Strike 0-1: Swinging Strike 0-2: DOUBLE (Line Drive, 7LM) Alexis Raimbault to third Runner from 3rd tries for Home, SAFE, no throw
|
Batting: SHB Shiki Sanu
|
0-0: Called Strike 0-1: Ball 1-1: Called Strike 1-2: Foul Ball, location: 2F 1-2: Strikes out swinging
|
Top of the 7th over - 1 run, 1 hit, 0 errors, 1 left on base; New Jersey 2 - New Orleans 3 |
BOTTOM OF THE 7TH |
New Orleans Voodoo batting - Pitching for New Jersey Fenix : RHP Brantford Winstworth III
|
Batting: RHB Guy Toussaint
|
0-0: Ball 1-0: TRIPLE (Line Drive, 8RXD)
|
Batting: RHB Gilberto Juárez
|
0-0: Intentional Walk
|
Batting: RHB Guillermo Coss
|
0-0: Called Strike 0-1: Swinging Strike 0-2: SINGLE (Line Drive, 4M) Guy Toussaint scores Gilberto Juárez to second
|
Pitching: RHP King Kelly
|
|
Batting: RHB Griffin Woodfinlevine
|
0-0: Ball 1-0: Foul Ball, location: 2F 1-1: Ball 2-1: Grounds into double play, 4-6-3 (Groundball, 4) Gilberto Juárez to third
|
Batting: SHB Melito Báez
|
0-0: Foul Ball, location: 2F 0-1: Ball 1-1: Foul Ball, location: 2F 1-2: Ball 2-2: Strikes out looking
|
Bottom of the 7th over - 1 run, 2 hits, 0 errors, 1 left on base; New Jersey 2 - New Orleans 4 |
TOP OF THE 8TH |
New Jersey Fenix batting - Pitching for New Orleans Voodoo : RHP Bob Roth
|
Pitching: RHP Grover Lowdermilk
|
|
Batting: LHB Javier Sánchez
|
0-0: Ball 1-0: Foul Ball, location: 2F 1-1: SINGLE (Line Drive, 89M)
|
Pinch Runner at 1st Jesús Román:
|
|
Batting: RHB Norman Winston
|
0-0: Ball 1-0: Ball 2-0: Called Strike 2-1: Ball 3-1: TRIPLE (Flyball, 9D) Jesús Román scores
|
Batting: LHB Josh Platt
|
0-0: Swinging Strike 0-1: Called Strike 0-2: Strikes out swinging
|
Batting: RHB José Carlos Pérez
|
0-0: Ball 1-0: Fly out, F8 (Flyball, 8LS) Runner from 3rd tags up, SCORES, no throw
|
Batting: LHB Michael Cochran
|
0-0: Ball 1-0: Ball 2-0: Called Strike 2-1: Foul Ball, location: 2F 2-2: Ball 3-2: Base on Balls
|
Batting: LHB Roberto Valle
|
0-0: Ball 1-0: Swinging Strike 1-1: Ball 2-1: Foul Ball, location: 2F 2-2: SINGLE (Flyball, 9LS) Michael Cochran to second Michael Cochran to third
|
Batting: LHB Alexis Raimbault
|
0-0: Ball 1-0: Foul Ball, location: 2F 1-1: Ball 2-1: Ball 3-1: Base on Balls Roberto Valle to second
|
Batting: LHB Pedro Gutiérrez
|
0-0: Called Strike 0-1: Swinging Strike 0-2: Fielders Choice at 2nd, 6-4 (Groundball, 6)
|
Top of the 8th over - 2 runs, 3 hits, 0 errors, 3 left on base; New Jersey 4 - New Orleans 4 |
BOTTOM OF THE 8TH |
New Orleans Voodoo batting - Pitching for New Jersey Fenix : RHP King Kelly
|
Now in LF: Jesús Román
|
|
Batting: RHB Claudio Tappen
|
0-0: Called Strike 0-1: Foul Ball, location: 2F 0-2: Ball 1-2: Strikes out swinging
|
Batting: RHB Colm Goodwill
|
0-0: Ball 1-0: Ball 2-0: SINGLE (Line Drive, 9S)
|
Batting: LHB José Ruíz
|
0-0: Ball Passed Ball! Colm Goodwill to second 1-0: Called Strike 1-1: Ball 2-1: SINGLE (Line Drive, 34D) Colm Goodwill to third Runner from 3rd tries for Home, SAFE, throw made home
|
Batting: RHB Orlando Velásquez
|
0-0: Ball 1-0: Ball 2-0: Foul Ball, location: 2F 2-1: Foul Ball, location: 2F 2-2: Foul Ball, location: 2F 2-2: Fly out, F9 (Flyball, 9LM)
|
Batting: RHB Guy Toussaint
|
0-0: Swinging Strike 0-1: Ball 1-1: Ball 2-1: Ground out 5-3 (Groundball, 56S)
|
Bottom of the 8th over - 1 run, 2 hits, 0 errors, 1 left on base; New Jersey 4 - New Orleans 5 |
TOP OF THE 9TH |
New Jersey Fenix batting - Pitching for New Orleans Voodoo : RHP Grover Lowdermilk
|
Now at C: Apu Nahasapeemapetilon
|
|
Batting: SHB Shiki Sanu
|
0-0: Ground out 4-3 (Groundball, 4)
|
Batting: SHB Jesús Román
|
0-0: Called Strike 0-1: Ball 1-1: Foul Ball, location: 2F 1-2: Ball 2-2: Strikes out swinging
|
Batting: RHB Norman Winston
|
0-0: Ball 1-0: Foul Ball, location: 2F 1-1: Ground out 6-3 (Groundball, 6S)
|
Top of the 9th over - 0 runs, 0 hits, 0 errors, 0 left on base; New Jersey 4 - New Orleans 5 |
|